 Dungeon Crawl Stone Soup version 0.31.0-11-ge490571c62 (webtiles) character file.

Game seed: 17327941681307180368

143132 Rayvis the Executioner (level 16, -7/157 HPs)
             Began as a Minotaur Fighter on Jan 27, 2024.
             Was the Champion of Makhleb.
             Mangled by Haivew the Head Instructor
             ... wielding a +2 antimagic triple sword
              (11 damage)
             ... in a wizard's laboratory.
             The game lasted 00:35:47 (25275 turns).

Rayvis the Executioner (Minotaur Fighter)          Turns: 25275, Time: 00:35:48

Health: -7/157     AC: 41    Str: 34    XL:     16   Next: 82%
Magic:  0/15       EV:  8    Int:  3    God:    Makhleb [******]
Gold:   301        SH:  0    Dex: 19    Spells: 15/15 levels left

rFire   . . .        B - +7 battleaxe of the Candle {freeze, rC+ Str+4 Int-3}
rCold   + . .        (shield currently unavailable)
rNeg    + . .        a - +8 crystal plate armour of Yriu {rElec Int+3}
rPois   .            C - +2 hat
rElec   +            (no cloak)
rCorr   .            O - +1 pair of gloves {infuse}
SInv    .            N - +2 pair of boots {Stlth+}
Will    ++...        (no amulet) Stlth
                     A - ring of Uhaethrui {Wiz *Corrode rN+ Str+2 Dex+8}
HPRegen 0.46/turn    H - ring of willpower
MPRegen 0.14/turn

%: corrode self (3%), wizardry (x1)
@: corroded
A: horns 2, retaliatory headbutt, dopey 1
a: Renounce Religion, Minor Destruction, Lesser Servant of Makhleb, Major
Destruction, Greater Servant of Makhleb


You were in a wizard's laboratory.
You worshipped Makhleb.
Makhleb was exalted by your worship.
You visited 5 branches of the dungeon, and saw 24 of its levels.
You also visited: Sewer, Bailey, Gauntlet and Wizlab.

You collected 2123 gold pieces.
You spent 1822 gold pieces at shops.

Inventory:

Hand Weapons
 u - a +0 heavy war axe
 x - a +0 heavy broad axe
 B - the +7 battleaxe of the Candle (weapon) {freeze, rC+ Str+4 Int-3}
   (You found it on level 8 of the Dungeon)

   Str+4:     It affects your strength (+4).
   Int-3:     It affects your intelligence (-3).
   rC+:       It protects you from cold.
Armour
 a - the +8 crystal plate armour of Yriu (worn) {rElec Int+3}
   (You acquired it in a bailey)

   Int+3:     It affects your intelligence (+3).
   rElec:     It insulates you from electricity.
 C - a +2 hat (worn)
 N - a +2 pair of boots of stealth (worn)
 O - a +1 pair of gloves of infusion (worn)
Jewellery
 t - a ring of protection from cold
 w - a ring of resist corrosion
 A - the ring of Uhaethrui (left hand) {Wiz *Corrode rN+ Str+2 Dex+8}
   (You found it on level 8 of the Dungeon)

   [ring of wizardry]

   Wiz:       It improves your spell success rate.
   Str+2:     It affects your strength (+2).
   Dex+8:     It affects your dexterity (+8).
   rN+:       It protects you from negative energy.
   *Corrode:  It may corrode you when you take damage.
 G - the ring "Ipunwum" {rF+ Will- Str+6 Int+3}
   (You found it in a Gauntlet)

   [ring of strength]

   Str+6:     It affects your strength (+6).
   Int+3:     It affects your intelligence (+3).
   rF+:       It protects you from fire.
   Will-:     It decreases your willpower.
 H - a ring of willpower (right hand)
 J - a ring of fire
Wands
 q - a wand of digging (24)
 E - a wand of polymorph (14)
Scrolls
 b - 7 scrolls of identify
 e - 9 scrolls of teleportation
 g - 2 scrolls of immolation
 l - 4 scrolls of enchant armour
 n - 3 scrolls of enchant weapon
 p - 6 scrolls of poison
 s - 3 scrolls of fear
 v - 5 scrolls of blinking
 I - 3 scrolls of fog
 K - a scroll of brand weapon
Potions
 c - 3 potions of enlightenment
 d - 4 potions of might
 f - 4 potions of magic
 h - 17 potions of curing
 i - 6 potions of lignification
 j - 3 potions of resistance
 k - 7 potions of heal wounds
 m - 4 potions of brilliance
 o - 2 potions of cancellation
 r - 2 potions of attraction
 z - 10 potions of haste
 D - 2 potions of ambrosia
 F - 2 potions of berserk rage
Miscellaneous
 y - a condenser vane


   Skills:
 + Level 18.2 Fighting
 * Level 24.5 Axes
 + Level 22.2 Armour
 - Level 3.6 Shields


You had 15 spell levels left.
You didn't know any spells.
Your spell library contained the following spells:

 Spells                   Type           Power      Damage    Failure   Level
 Apportation              Tloc           0%         N/A       80%         1
 Magic Dart               Conj           0%         1d3       80%         1
 Necrotise                Necr           0%         1d4       80%         1
 Call Imp                 Summ           0%         N/A       90%         2
 Cigotuvi's Dreadful Rot  Necr/Alch/Air  0%         N/A       90%         2
 Jinxbite                 Hex            0%         N/A       90%         2
 Mercury Vapours          Alch/Air       0%         N/A       90%         2
 Momentum Strike          Conj/Tloc      0%         3d8       90%         2
 Searing Ray              Conj           0%         2d4       90%         2
 Call Canine Familiar     Summ           0%         N/A       98%         3
 Fugue of the Fallen      Necr           0%         N/A       98%         3
 Mephitic Cloud           Conj/Alch/Air  0%         N/A       98%         3
 Ozocubu's Armour         Ice            0%         N/A       98%         3
 Sigil of Binding         Hex            0%         N/A       98%         3
 Tukima's Dance           Hex            0%         N/A       98%         3
 Dimensional Bullseye     Hex/Tloc       0%         N/A       100%        4
 Fulminant Prism          Conj/Alch      0%         3d5       100%        4
 Manifold Assault         Tloc           0%         N/A       100%        4
 Passage of Golubria      Tloc           0%         N/A       100%        4
 Alistair's Intoxication  Alch           0%         N/A       100%        5
 Borgnjor's Vile Clutch   Necr/Erth      0%         N/A       100%        5
 Freezing Cloud           Conj/Ice/Air   0%         6-21      100%        5
 Summon Forest            Summ/Tloc      0%         N/A       100%        5
 Summon Mana Viper        Hex/Summ       0%         N/A       100%        5
 Yara's Violent Unravell  Hex/Alch       0%         3d3       100%        5
 Eringya's Noxious Bog    Alch           0%         4d6       100%        6
 Plasma Beam              Fire/Air       0%         2x1d10    100%        6
 Summon Cactus Giant      Summ           0%         N/A       100%        6
 Summon Hydra             Summ           0%         N/A       100%        7
 Infestation              Necr           0%         N/A       100%        8
 Shatter                  Erth           0%         3d5*      100%        9


Dungeon Overview and Level Annotations

Branches:
Dungeon (15/15)            Temple (1/1) D:7            Lair (5/5) D:8
 Shoals (0/4) Lair:3        Snake (0/4) Lair:3        Slime (0/5) Lair:4
    Orc (2/2) D:12            Elf (1/3) Orc:2        Vaults (0/5) D:14
 Depths (0/4) D:15          Sewer (visited)          Bailey (visited)
 WizLab (1/1)             Gauntlet (visited)

Altars:
Ashenzari
Cheibriados
Dithmenos
Elyvilon
Fedhas
Gozag
Hepliaklqana
Kikubaaqudgha
Makhleb
Nemelex Xobeh
Okawaru
Qazlal
Ru
Sif Muna
Trog
Uskayaw
Vehumet
Wu Jian
Xom
Yredelemnul
Zin
The Shining One
Jiyva

Shops:
D:2 (?*!   D:3 ((   D:15 (   Orc:2 [((!*

Annotations:
D:5 2 runed translucent doors, Arcadio's ghost, weakling TrDe
D:7 2 transporters, Konrad's ghost, novice MiHu


Innate Abilities, Weirdness & Mutations

You have a pair of horns on your head.
You reflexively headbutt those who attack you in melee.
You are dopey. (Int -2)


Message History

A naga mage is wielding a +0 antimagic scimitar.
A naga mage is wielding a +0 antimagic halberd.
The naga mage shouts! x2
The hell knight hits you but does no damage.
Something hits you.
* * * LOW HITPOINT WARNING * * *
The mana viper bites you but does no damage.
Something hits you but does no damage.
The hell knight hits you with a +2 antimagic halberd!
* * * LOW HITPOINT WARNING * * *
Items here: )) [[.
Unknown command.
You feel much better. Something hits you but does no damage.
The mana viper bites you but does no damage.
The naga mage spits poison at you.
The splash of poison hits you but does no damage.
You are poisoned.
The hell knight hits you but does no damage.
Haivew the Head Instructor comes into view.
They are wielding two +2 antimagic triple swords and wearing a +2 plate armour of willpower.
Something hits you but does no damage. Something hits you!!
* * * LOW HITPOINT WARNING * * *
You feel better. The mana viper closely misses you.
Haivew gestures at you while chanting.
Haivew blinks!
The hell knight hits you but does no damage.
The naga mage gestures wildly while chanting.
The naga mage seems to speed up.
Something hits you.
* * * LOW HITPOINT WARNING * * *
Something hits you.
* * * LOW HITPOINT WARNING * * *
The mana viper bites you but does no damage.
The hell knight hits you but does no damage.
Okay, then.
You feel much better. Something hits you!!
* * * LOW HITPOINT WARNING * * *
You feel your power leaking away.
The mana viper bites you but does no damage.
Haivew hits you with a +2 antimagic triple sword.
* * * LOW HITPOINT WARNING * * *
Haivew hits you with a +2 antimagic triple sword!
You die...

.... ♣..♣....#
...... ...
.#..#....# .... .
.. .........♣#♣..#
.##
.♣~~♣.#...#...#....
♣~~~~♣.#.☼☼☼.......
~~~~~~..[☼§☼..#8.#
~~~~~~.#{☼☼☼).#
♣~~~~♣.#.S.#......
.♣~~♣..@@♣##..#....
......#p.# ..# .##
.#..#...## ... ..
......# .... .
.....# .#### ♣.N♣.
.... .... '


You could see Haivew the Head Instructor, a hell knight (fast), a mana viper and
a naga mage.

Vanquished Creatures
  Rupert (Orc:2)
  A quicksilver dragon (WizLab)
  Gastronok (Lair:3)
  Frances (D:14)
  Kirke (D:14)
  An orc warlord (Orc:2)
  A minotaur (Gauntlet)
  A dire elephant (Lair:4)
  An entropy weaver (shapeshifter) (Elf:1)
  A vault guard (D:14)
  6 centaur warriors
  A spriggan air mage (WizLab)
  Erolcha (Orc:2)
  5 boulder beetles
  5 hydras
  A merfolk avatar (Lair:5)
  2 ogre magi (WizLab)
  An ironbound frostheart (D:14)
  3 catoblepae
  3 dancing weapons (Elf:1)
  7 two-headed ogres
  A death knight (D:11)
  4 tengu warriors
  2 orc high priests
  10 death yaks
  A vampire mage (D:15)
  A hell knight (WizLab)
  The ghost of Asparus the Digger, a novice OpEE of Cheibriados (D:9)
  Amaemon (Lair:1)
  An occultist (WizLab)
  A thrashing horror (Gauntlet)
  5 deep elf knights
  A salamander mystic (WizLab)
  A storm dragon zombie (D:15)
  3 skeletal warriors (D:15)
  A sea snake (Lair:5)
  An iron troll (D:12)
  A skyshark (Lair:5)
  5 mana vipers (WizLab)
  2 deep trolls (D:12)
  An arcanist (WizLab)
  3 deep elf archers (Elf:1)
  A lindwurm (Lair:5)
  6 deep elf pyromancers
  Pikel (D:6)
  4 deep elf zephyrmancers (Elf:1)
  4 orc knights
  6 ugly things
  A necromancer (D:15)
  A salamander (shapeshifter) (D:14)
  2 wolf spiders (D:15)
  4 manticores
  7 cyclopes
  3 large abominations (Gauntlet)
  An oklob plant (Lair:2)
  A faun (shapeshifter) (Elf:1)
  5 orc sorcerers (Orc:2)
  3 black mambas
  42 elephants
  A merfolk siren (Lair:3)
  A meliai (shapeshifter) (D:15)
  A torpor snail (Lair:5)
  2 gargoyles
  18 cane toads
  3 unseen horrors
  An orange demon (Lair:1)
  2 freezing wraiths
  4 rime drakes
  4 yaktaurs (D:15)
  14 komodo dragons
  3 tengu conjurers
  A queen bee (Lair:3)
  10 trolls
  3 merfolk (Lair:3)
  3 red devils (Orc:2)
  A wind drake (Lair:5)
  4 polar bears
  9 saltlings (Orc:2)
  16 blink frogs
  11 dream sheep
  4 hornets
  A snapping turtle (Lair:5)
  A spriggan zombie (D:15)
  4 slime creatures
  2 shadows
  Sigmund (D:3)
  2 air elementals (Elf:1)
  2 centaur simulacra
  A spriggan (Lair:4)
  A spriggan (shapeshifter) (D:13)
  2 water elementals (Elf:1)
  9 small abominations (Gauntlet)
  50 yaks
  3 vampires
  2 wyverns
  3 wraiths
  A yak (shapeshifter) (D:11)
  5 basilisks
  5 wargs
  3 hogs (D:14)
  2 vampire mosquitoes (D:13)
  2 steam dragons (Lair:5)
  3 nagas (Lair:3)
  16 water moccasins
  3 acid dragons
  3 ice beasts
  6 black bears
  37 orc warriors
  3 ogres
  18 wolves
  9 centaurs
  2 lemures (D:6)
  A phantom (D:7)
  2 brain worms (Sewer)
  2 kobold brigands
  14 bullfrogs
  2 earth elementals (Elf:1)
  5 scorpions
  5 wights
  27 killer bees
  An electric eel (Lair:5)
  4 howler monkeys
  A bombardier beetle (D:4)
  2 hounds
  4 gnoll boudas
  14 orc priests
  3 jellies
  An iguana (D:7)
  2 sleepcaps
  11 orc wizards
  26 gnolls
  13 adders
  2 river rats (Sewer)
  A shadow imp (D:6)
  2 white imps
  6 ufetubi
  5 ribbon worms
  4 dart slugs
  62 orcs
  5 endoplasms
  2 giant cockroaches
  9 hobgoblins
  3 jackals (D:2)
  11 kobolds
  5 quokkas
  9 ball pythons
  6 bats
  4 frilled lizards (Sewer)
  14 goblins
  14 rats
  A butterfly (D:7)
807 creatures vanquished.

Vanquished Creatures (others)
  A vampire (D:14)
  An orc wizard (D:9)
  An orc (Elf:1)
3 creatures vanquished.

Grand Total: 810 creatures vanquished

Notes
Turn   | Place    | Note
-------+----------+-------------------------------------------
     0 | D:1      | Rayvis the Minotaur Fighter began the quest for the Orb.
     0 | D:1      | Reached XP level 1. HP: 19/19 MP: 0/0
   205 | D:1      | Reached skill level 3 in Axes
   205 | D:1      | Reached XP level 2. HP: 16/27 MP: 1/1
   583 | D:1      | Reached XP level 3. HP: 27/33 MP: 2/2
  1041 | D:2      | Found Jot Duru's Magic Scroll Emporium.
  1059 | D:2      | Bought a scroll of identify for 28 gold pieces
  1189 | D:2      | Found Ozixt's Distillery.
  1193 | D:2      | Found Saofeici's Assorted Antiques.
  1198 | D:2      | Bought a potion of curing for 42 gold pieces
  1328 | D:2      | Reached skill level 4 in Axes
  1506 | D:1      | Reached XP level 4. HP: 8/40 MP: 3/3
  2000 | D:2      | Found Deqacod's Weapon Emporium.
  2078 | D:2      | Found a faded altar of an unknown god.
  2380 | D:3      | Found Limirad's Antique Weapon Shop.
  2422 | D:3      | Found a glowing drain.
  2429 | Sewer    | Entered a sewer
  2504 | Sewer    | Reached XP level 5. HP: 36/47 MP: 4/4
  2560 | Sewer    | Reached skill level 5 in Axes
  2589 | Sewer    | Reached skill level 5 in Fighting
  2589 | Sewer    | Reached skill level 5 in Armour
  2704 | Sewer    | Reached XP level 6. HP: 44/56 MP: 3/5
  2812 | Sewer    | Reached skill level 6 in Axes
  3262 | D:3      | Found Seamui's Antique Weapon Emporium.
  3337 | D:3      | Noticed Sigmund
  3349 | D:3      | Killed Sigmund
  3510 | D:3      | Reached XP level 7. HP: 62/62 MP: 6/6
  3607 | D:3      | Reached skill level 7 in Axes
  4014 | D:4      | Identified the flux talisman "Kalud" {Int-4 Dex+5}
  4461 | D:4      | Found a shimmering blue altar of Sif Muna.
  4467 | D:4      | Found a bloodstained altar of Trog.
  4697 | D:5      | Entered Level 5 of the Dungeon
  4755 | D:5      | Reached skill level 8 in Axes
  4811 | D:5      | Reached XP level 8. HP: 65/71 MP: 7/7
  4848 | D:5      | Found a runed translucent door.
  4849 | D:5      | Noticed Arcadio's ghost (weakling TrDe)
  4877 | D:5      | Found a hide-covered altar of Uskayaw.
  4937 | D:5      | Found an opulent altar of Gozag.
  5219 | D:5      | Found a runed translucent door.
  5254 | D:5      | Reached skill level 9 in Axes
  5549 | D:3      | Bought a glowing war axe for 156 gold pieces
  5674 | D:6      | Noticed Pikel
  5688 | D:6      | Killed Pikel
  5689 | D:6      | Reached skill level 10 in Axes
  5820 | D:6      | Found a broken altar of Ashenzari.
  5954 | D:6      | Reached XP level 9. HP: 81/81 MP: 8/8
  6171 | D:6      | Found a white marble altar of Elyvilon.
  6537 | D:6      | Reached skill level 11 in Axes
  6720 | D:2      | Bought a potion of mutation for 112 gold pieces
  6720 | D:2      | Gained mutation: You have a pair of large horns on your
                  | head. [potion of mutation]
  6720 | D:2      | Lost mutation: You have a pair of large horns on your head.
                  | [potion of mutation]
  6720 | D:2      | Gained mutation: You are clumsy. (Dex -2) [potion of
                  | mutation]
  6721 | D:2      | Lost mutation: You are clumsy. (Dex -2) [potion of
                  | mutation]
  6721 | D:2      | Gained mutation: Potions are less effective at restoring
                  | your health. [potion of mutation]
  6721 | D:2      | Gained mutation: You are partially covered in iridescent
                  | scales. (AC +2) [potion of mutation]
  7131 | D:7      | Found a shimmering altar of Xom.
  7165 | D:7      | Noticed Konrad's ghost (novice MiHu)
  7183 | D:7      | Found a transporter.
  7183 | D:7      | Found a transporter.
  7230 | D:7      | Noticed a moth of wrath
  7232 | D:7      | Found a bloodstained altar of Trog.
  7728 | D:8      | Noticed an elephant
  7751 | D:8      | Killed an elephant
  7756 | D:7      | Found a staircase to the Ecumenical Temple.
  7760 | D:7      | Reached skill level 12 in Axes
  7767 | Temple   | Entered the Ecumenical Temple
  7782 | Temple   | Became a worshipper of Makhleb the Destroyer
  7994 | D:8      | Found a staircase to the Lair.
  7994 | D:8      | Noticed a komodo dragon
  8003 | D:8      | Killed a komodo dragon
  8004 | D:8      | Reached XP level 10. HP: 81/91 MP: 9/9
  8067 | D:8      | Found a shadowy altar of Dithmenos.
  8255 | D:8      | Noticed a two-headed ogre
  8257 | D:8      | Killed a two-headed ogre
  8258 | D:8      | Reached skill level 10 in Fighting
  8258 | D:8      | Reached skill level 13 in Axes
  8258 | D:8      | Reached skill level 10 in Armour
  8282 | D:8      | Noticed a centaur warrior
  8292 | D:8      | Killed a centaur warrior
  8487 | D:8      | Identified the +7 battleaxe of the Candle {freeze, rC+
                  | Str+4 Int-3}
  8520 | D:8      | Identified the ring of Uhaethrui {Wiz *Corrode rN+ Str+2
                  | Dex+8}
  8603 | D:8      | Noticed a two-headed ogre
  8608 | D:8      | Killed a two-headed ogre
  8609 | D:8      | Reached skill level 14 in Axes
  8666 | D:8      | Found a snail-covered altar of Cheibriados.
  8684 | D:8      | Reached * piety under Makhleb
  9092 | D:9      | Found a flagged portal.
  9132 | Bailey   | Entered a bailey
  9194 | Bailey   | Reached XP level 11. HP: 96/101 MP: 10/10
  9465 | Bailey   | Acquired the +8 crystal plate armour of Yriu {rElec Int+3}
  9484 | Bailey   | Noticed an orc knight
  9492 | Bailey   | Killed an orc knight
  9751 | D:9      | Found a runed translucent gate.
  9751 | D:9      | Found an opulent altar of Gozag.
  9754 | D:9      | Found a runed translucent gate.
  9754 | D:9      | Found a runed translucent gate.
  9754 | D:9      | Noticed a red ugly thing
  9754 | D:9      | Noticed Asparus's ghost (novice OpEE)
 10162 | D:9      | Reached ** piety under Makhleb
 10163 | D:9      | Reached skill level 15 in Axes
 10445 | D:10     | Entered Level 10 of the Dungeon
 10458 | D:10     | Got the Guidebook on the Gathered Atmosphere
 10726 | D:10     | Found a basalt altar of Yredelemnul.
 10736 | D:10     | Found a radiant altar of Vehumet.
 10759 | D:10     | Found a blossoming altar of Fedhas.
 11203 | D:10     | Paralysed by a hornet for 1 turns
 11445 | Lair:1   | Entered Level 1 of the Lair of Beasts
 11626 | Lair:1   | Noticed Amaemon
 11640 | Lair:1   | Killed Amaemon
 11655 | Lair:1   | Reached *** piety under Makhleb
 11656 | Lair:1   | Reached skill level 16 in Axes
 11691 | Lair:1   | Lost mutation: Potions are less effective at restoring your
                  | health. [potion of mutation]
 11691 | Lair:1   | Lost mutation: You are partially covered in iridescent
                  | scales. (AC +2) [potion of mutation]
 11691 | Lair:1   | Gained mutation: You are dopey. (Int -2) [potion of
                  | mutation]
 11787 | Lair:1   | Noticed a catoblepas
 11803 | Lair:1   | Killed a catoblepas
 11804 | Lair:1   | Reached XP level 12. HP: 112/112 MP: 11/11
 11825 | Lair:1   | Reached skill level 15 in Armour
 12468 | Lair:2   | Reached skill level 17 in Axes
 12611 | Lair:2   | Noticed a catoblepas
 12624 | Lair:2   | Killed a catoblepas
 12708 | Lair:2   | Reached **** piety under Makhleb
 13187 | Lair:3   | Noticed a catoblepas
 13192 | Lair:3   | Killed a catoblepas
 13222 | Lair:3   | Noticed Gastronok
 13229 | Lair:3   | Killed Gastronok
 13230 | Lair:3   | Reached XP level 13. HP: 122/122 MP: 12/12
 13284 | Lair:3   | Reached skill level 18 in Axes
 13488 | Lair:3   | Found a staircase to the Shoals.
 13615 | Lair:3   | Reached ***** piety under Makhleb
 13945 | Lair:3   | Found a staircase to the Snake Pit.
 14660 | Lair:4   | Found a viscous altar of Jiyva.
 14662 | Lair:4   | Found a staircase to the Slime Pits.
 14731 | Lair:4   | Noticed a dire elephant
 14739 | Lair:4   | Killed a dire elephant
 14752 | Lair:4   | Reached skill level 19 in Axes
 14979 | Lair:4   | Reached XP level 14. HP: 127/133 MP: 13/13
 15630 | Lair:5   | Entered Level 5 of the Lair of Beasts
 15896 | Lair:5   | Reached skill level 20 in Axes
 15972 | Lair:5   | Reached skill level 15 in Fighting
 15994 | Lair:5   | Reached ****** piety under Makhleb
 16277 | Lair:5   | Reached skill level 21 in Axes
 16293 | Lair:5   | Found the +8 arc blade {discharge, rElec}
 16316 | Lair:5   | Got the Folio of Tectonic Portals
 16541 | Lair:5   | Identified the staff of Ocutwy {rN+ Str+3 Necro}
 16889 | D:2      | Bought 2 potions of berserk rage for 140 gold pieces
 16889 | D:2      | Bought a potion of might for 56 gold pieces
 16889 | D:2      | Bought a potion of heal wounds for 70 gold pieces
 16889 | D:2      | Bought 2 potions of haste for 280 gold pieces
 16889 | D:2      | Bought a potion of haste for 140 gold pieces
 17084 | D:9      | Killed Asparus's ghost
 17320 | D:11     | Found an iron altar of Okawaru.
 17619 | D:11     | Reached XP level 15. HP: 143/143 MP: 14/14
 17820 | D:11     | Found a white marble altar of Elyvilon.
 18179 | D:12     | Found a staircase to the Orcish Mines.
 18798 | Orc:1    | Entered Level 1 of the Orcish Mines
 18929 | Orc:2    | Entered Level 2 of the Orcish Mines
 18931 | Orc:2    | Found a staircase to the Elven Halls.
 18970 | Orc:2    | Reached skill level 22 in Axes
 19043 | Orc:2    | Found Georidek's Distillery.
 19070 | Orc:2    | Found a gate leading to a gauntlet.
 19079 | Gauntlet | Entered a Gauntlet
 19079 | Gauntlet | Found a transporter.
 19079 | Gauntlet | Found a transporter.
 19079 | Gauntlet | Found a transporter.
 19080 | Gauntlet | Found a transporter.
 19083 | Gauntlet | Found a transporter.
 19093 | Gauntlet | Found a transporter.
 19095 | Gauntlet | Found a transporter.
 19158 | Gauntlet | Found a transporter.
 19168 | Gauntlet | Found a transporter.
 19183 | Gauntlet | Found a transporter.
 19193 | Gauntlet | Found a transporter.
 19208 | Gauntlet | Found a transporter.
 19341 | Gauntlet | Identified the ring "Ipunwum" {rF+ Will- Str+6 Int+3}
 19403 | Gauntlet | Got the Catalogue of the Charnel Ouroboros
 19445 | Orc:2    | Noticed Erolcha
 19450 | Orc:2    | Killed Erolcha
 19484 | Orc:2    | Noticed Rupert
 19493 | Orc:2    | Killed Rupert
 19561 | Orc:2    | Found Pausud's Assorted Antiques.
 19591 | Orc:2    | Found Ulyqick's Weapon Boutique.
 19608 | Orc:2    | Paralysed by an orc sorcerer for 2 turns
 19615 | Orc:2    | HP: 1/145 [orc warrior/+0 trident[an orc warlord] (17)]
 19797 | Orc:2    | Found Jerph's Weapon Boutique.
 20482 | Orc:2    | Found Kozypis's Antique Armour Shop.
 20518 | Orc:2    | Bought a pair of glowing boots for 195 gold pieces
 20518 | Orc:2    | Bought a pair of embroidered gloves for 195 gold pieces
 20614 | Orc:2    | Bought a potion of heal wounds for 85 gold pieces
 20614 | Orc:2    | Bought a potion of heal wounds for 85 gold pieces
 20614 | Orc:2    | Bought a potion of curing for 51 gold pieces
 20614 | Orc:2    | Bought a potion of curing for 51 gold pieces
 20614 | Orc:2    | Bought a potion of cancellation for 136 gold pieces
 21278 | D:13     | Identified the -2 helmet of the Trout {rPois rN+ Str+4
                  | Int-3}
 21416 | D:14     | Noticed Kirke
 21422 | D:14     | Reached skill level 23 in Axes
 21439 | D:14     | Killed Kirke
 21766 | D:14     | Reached XP level 16. HP: 155/155 MP: 12/15
 21916 | D:14     | Noticed Frances
 21929 | D:14     | Killed Frances
 22664 | D:14     | Found a gate to the Vaults.
 22921 | D:14     | Acquired a +0 heavy broad axe
 22933 | D:15     | Entered Level 15 of the Dungeon
 22994 | D:15     | Found a staircase to the Depths.
 23374 | D:15     | Found Quughyidi's Antique Weapon Emporium.
 24508 | Elf:1    | Entered Level 1 of the Elven Halls
 24854 | Elf:1    | Reached skill level 24 in Axes
 24872 | Elf:1    | Paralysed by an air elemental for 1 turns
 25203 | Elf:1    | Found a magical portal.
 25209 | WizLab   | Entered Yara's Duelist Academy
 25239 | WizLab   | Noticed a quicksilver dragon
 25249 | WizLab   | Killed a quicksilver dragon
 25273 | WizLab   | Noticed Haivew
 25275 | WizLab   | HP: 4/157 [Haivew the Head Instructor/+2 antimagic triple
                  | sword (6)]
 25275 | WizLab   | Mangled by Haivew the Head Instructor

Illustrated notes

Levels and vault maps discovered:
D:1:      pf_arrival_petrified_forest, layout_loops_ring, serial_forest,
          infiniplex_forest_straight_3, infiniplex_forest_lined_3,
          infiniplex_forest_lined_2, infiniplex_forest_join,
          infiniplex_forest_lined_ring, infiniplex_forest_clump_small,
          infiniplex_forest_clump_diagonal, infiniplex_forest_clump_curved
D:2:      layout_loops_corners, shapermc_ecumenical_altar_mp_vishouse,
          serial_shops, nicolae_shop_window_shopping, nicolae_shop_tiny_glass,
          nicolae_shop_peninsula, shop, st_stairs_12, grunt_ministairs_11,
          minmay_tetromino_t4
D:3:      layout_basic, portal_sewer_entry_e, serial_shops, shop, shop,
          minmay_ogre_servants, uniq_sigmund
D:4:      layout_loops_ring, hellmonk_overflow_destroyed_library,
          minmay_joined_circles
D:5:      layout_basic, mainiacjoe_overflow_large_starburst,
          ebering_ghost_sewer_f, minivault_19
D:6:      layout_loops_ring, elyvilon_altar_5, mainiacjoe_overflow_24_doors,
          uniq_pikel
D:7:      layout_gridville, xom_butterflies, minmay_temple_entry_from_below_b,
          gammafunk_ghost_wrathful_warriors
D:8:      layout_rooms, mainiacjoe_overflow_cross_hatched,
          grunt_dithmenos_smoke_and_mirrors, grunt_lair_entry_orc_guard_hut,
          minmay_misc_feat_more_columns, nicolae_benzene_ring,
          minmay_pinched_square
D:9:      layout_long_grid, enter_bailey_6, ebering_ghost_gozag
D:10:     layout_stronghold, fedhas_bush_and_centaur_altar,
          amethyst_overflow_temple_binary
D:11:     layout_gridville, hangedman_feature_mirror,
          chequers_serial_rivers_micro_d
D:12:     lemuel_troll_bridge, layout_cave_pools, orc_0_dummy
D:13:     layout_cave_pools, drop_trap
D:14:     layout_loops_ring, hellmonk_vaults_keyhole,
          roderic_lattice_octagonal_star, uniq_kirke, uniq_frances
D:15:     gammafunk_depths_entry_grave, layout_stronghold, serial_shops, shop,
          nicolae_cairo_tiling_large
Temple:   eino_wide_crystal_templ
Lair:1:   layout_chaotic_city, chequers_serial_rivers_room_a, uniq_amaemon
Lair:2:   layout_roguey
Lair:3:   layout_layer_cave, elwin_shoals_entry_stream,
          nicolae_snake_entry_squirm, special_room [special_room_bee],
          grunt_forest_large_clearings, uniq_gastronok
Lair:4:   mu_elephants_graveyard, layout_regular_city, slime_entry_1
Lair:5:   gammafunk_lair_ancient_temple, layout_regular_city, st_stairs_4,
          gammafunk_lair_bear_cave, serial_bayou_shore_b
Orc:1:    layout_caves, serial_shops, shop_scrolls
Orc:2:    hellmonk_orc_salted, layout_diamond_mine, gauntlet_entry_generic,
          serial_shops, shop, einodemon_armed_red_devil_minivault, uniq_rupert,
          uniq_erolcha
Elf:1:    layout_geoelf_grid, infiniplex_enter_wizlab_glasses,
          hangedman_elf_disciples, minmay_the_grid_2x2
          [minmay_the_grid_minigrid_large, minmay_the_grid_minigrid_small,
          minmay_the_grid_expand, minmay_the_grid_prize_shrinking_boxes]
WizLab:   wizlab_yara

Skill      XL: |  1  2  3  4  5  6  7  8  9 10 11 12 13 14 15 16 |
---------------+-------------------------------------------------+-----
Axes           | 3 4 5 6 8 10 12 14 16 17 19 21 23 24 | 24.5
Fighting       | 4 5 6 8 9 10 12 13 14 15 17 18 | 18.2
Armour         | 4 5 6 8 9 10 14 18 19 20 21 22 | 22.2
Shields        | |  3.6

Action                     |  1- 3 |  4- 6 |  7- 9 | 10-12 | 13-15 | 16-18 || total
---------------------------+-------+-------+-------+-------+-------+-------++-------
  Melee: War axe           |   119 |   128 |   305 |    68 |       |       ||   620
         Headbutt          |    26 |    14 |    50 |    85 |   185 |    49 ||   409
         Battleaxe         |       |       |       |   275 |   764 |   220 ||  1259
         Unarmed           |       |       |       |       |     3 |       ||     3
 Invoke: Lesser Servant of |       |       |       |       |       |     1 ||     1
    Use: Scroll            |     3 |     6 |    10 |     7 |     4 |     3 ||    33
         Potion            |       |       |     2 |     1 |     7 |     4 ||    14
   Stab: Paralysed         |       |       |       |       |       |     1 ||     1
 Armour: Scale mail        |    69 |    99 |    15 |       |       |       ||   183
         Plate armour      |       |       |   249 |   131 |       |       ||   380
         Crystal plate arm |       |       |       |   310 |   832 |   277 ||  1419
         Skin              |       |       |       |       |    12 |       ||    12
  Dodge: Dodged            |    42 |    74 |   104 |   104 |   261 |    68 ||   653
  Block: Buckler           |    21 |    23 |    72 |    14 |       |       ||   130
